AoeStats
← RCM_SW

Arena

506560775Analyzed
3v3 RM · 19d ago on Sep 14, 2026· 52m 54s· 6 players
Game mode
Random Map
Map size
Normal (6 player)
Population
200
Speed
Normal
Resources
Standard
Victory
Conquest
Starting age
Dark Age
Ending age
Imperial Age
RankedLock teamsTeams togetherTeam positionsShared explorationLock speedFull tech treeHidden civsTurbo modeCheats
Victory
Defeat
🇨🇱 Malians · Chile
890
+13
🇨🇱 Japanese · Chile
853
+14
🇨🇱 Franks · Chile
852
+15
🇨🇱 Slavs · Chile
926
-18
🇨🇱 Franks · Chile
866
-16
🇨🇱 Celts · Chile
672
-8
elsapokM
11:32 Feudal Age
15:43 Castle Age
15:01 Stone Mining
17:45 Wheelbarrow
25:16 Hand Cart
25:07 Double-Bit Axe
28:45 Elite Skirmisher
33:15 Husbandry
36:14 Imperial Age
33:49 Gold Mining
34:28 Bow Saw
35:30 Gold Shaft Mining
36:25 Scale Barding Armor
36:31 Forging
37:47 Cavalier
39:01 Chain Barding Armor
39:17 Iron Casting
39:28 Paladin
42:09 Caravan
51:31 Plate Barding Armor
Nergal9964
11:16 Feudal Age
12:37 Wheelbarrow
14:06 Scale Mail Armor
18:49 Castle Age
17:45 Double-Bit Axe
20:53 Pikeman
23:49 Elite Skirmisher
25:48 Padded Archer Armor
36:07 Loom
37:57 Gold Mining
38:33 Stone Mining
41:54 Horse Collar
42:06 Treadmill Crane
43:29 Hand Cart
43:49 Chain Mail Armor
50:22 Imperial Age
49:43 Heavy Plow
50:40 Capped Ram
Gandaro S
11:14 Feudal Age
15:29 Castle Age
13:35 Horse Collar
13:51 Double-Bit Axe
14:53 Gold Mining
15:42 Wheelbarrow
17:50 Bow Saw
26:26 Imperial Age
23:45 Town Watch
24:06 Loom
25:17 Heavy Plow
26:02 Caravan
27:06 Forging
27:48 Scale Barding Armor
27:35 Capped Ram
29:14 Hand Cart
29:41 Detinets
30:04 Conscription
30:58 Crop Rotation
31:02 Pikeman
31:43 Squires
32:00 Town Patrol
33:30 Two-Man Saw
32:33 Halberdier
33:45 Scale Mail Armor
34:21 Iron Casting
35:34 Elite Boyar
37:18 Hoardings
38:44 Fortified Wall
39:40 Chemistry
39:45 Siege Ram
41:46 Blast Furnace
41:07 Chain Barding Armor
41:03 Chain Mail Armor
41:36 Onager
43:57 Druzhina
44:57 Plate Barding Armor
RCM_SW
0:48 Loom
11:44 Feudal Age
12:18 Town Watch
13:31 Double-Bit Axe
13:55 Horse Collar
20:37 Castle Age
18:16 Man-at-Arms
19:36 Gold Mining
21:01 Scale Mail Armor
21:17 Arson
21:54 Long Swordsman
22:39 Gambesons
23:39 Squires
24:09 Heavy Plow
24:29 Pikeman
26:51 Wheelbarrow
27:16 Forging
28:32 Hand Cart
30:12 Town Patrol
32:07 Fortified Wall
32:47 Gold Shaft Mining
33:32 Treadmill Crane
35:08 Iron Casting
34:49 Chain Mail Armor
35:28 Bow Saw
35:37 Stone Mining
38:49 Imperial Age
39:53 Conscription
40:00 Kataparuto
39:10 Two-Handed Swordsman
39:14 Halberdier
40:27 Plate Mail Armor
41:31 Blast Furnace
43:07 Chemistry
42:18 Masonry
42:41 Champion
44:51 Hoardings
47:39 Yasama
49:34 Elite Samurai
50:16 Murder Holes
53:05 Two-Man Saw
dameoroSW
10:23 Feudal Age
12:28 Loom
15:32 Castle Age
16:36 Forging
16:14 Double-Bit Axe
23:02 Forging
22:53 Scale Mail Armor
31:29 Imperial Age
30:42 Wheelbarrow
31:31 Horse Collar
33:22 Conscription
34:00 Bloodlines
36:25 Chemistry
35:23 Light Cavalry
37:38 Hand Cart
37:48 Hand Cart
37:42 Scale Barding Armor
38:38 Husbandry
39:42 Iron Casting
40:34 Chain Barding Armor
40:28 Gold Mining
41:44 Farimba
42:39 Block Printing
43:07 Heavy Camel Rider
49:07 Plate Barding Armor
LuisSW
0:40 Loom
11:29 Feudal Age
17:42 Castle Age
16:27 Gold Mining
18:04 Stone Mining
18:43 Forging
18:39 Scale Barding Armor
19:59 Double-Bit Axe
21:07 Bow Saw
26:33 Gold Shaft Mining
30:18 Imperial Age
28:53 Husbandry
31:03 Iron Casting
33:27 Chivalry
34:04 Cavalier
37:28 Paladin
39:53 Wheelbarrow
41:09 Hand Cart
41:21 Paladin
44:04 Chain Barding Armor
Connection lost

Rejoining the realm…

Still unreachable

The connection could not be restored.

Session expired

The server has moved on; the page needs a fresh start.